 Dungeon Crawl Stone Soup version 0.27.0-1-g7a089689b8 (webtiles) character file.

Game seed: 7560500931420313172

112 sanka the Ducker (level 4, -9/34 HPs)
             Began as a Merfolk Necromancer on Aug 7, 2021.
             Mangled by a wyvern skeleton (13 damage)
             ... on level 7 of the Dungeon.
             The game lasted 00:06:08 (4758 turns).

sanka the Ducker (Merfolk Necromancer)              Turns: 4758, Time: 00:06:09

Health: -9/34      AC:  5    Str:  8    XL:     4   Next: 95%
Magic:  7/7        EV: 16    Int: 14    God:
Gold:   166        SH:  0    Dex: 21    Spells: 6/7 levels left

rFire    . . .     SeeInvis .   l - +0 flail
rCold    . . .     Faith    +   (no shield)
rNeg     . . .     Spirit   .   a - +0 robe
rPois    .         Reflect  .   q - +0 helmet
rElec    .         Harm     .   g - +0 cloak
rCorr    .         Rampage  .   d - +0 pair of gloves
Will     .....                  (no boots)
Stlth    ++........             r - amulet of faith
HPRegen  0.11/turn              (no ring)
MPRegen  0.10/turn              n - +6 ring of dexterity

@: no status effects
A: (nimble swimmer 2), mertail
a: no special abilities


You were on level 7 of the Dungeon.
You visited 1 branch of the dungeon, and saw 5 of its levels.

You collected 166 gold pieces.


Innate Abilities, Weirdness & Mutations

((You are quick and stealthy near water. (Stealth+, EV+, Speed+++)))
Your lower body shifts to a powerful aquatic tail in water.


   Skills:
 + Level 2.6 Fighting
 + Level 5.5 Dodging
 - Level 2.1 Stealth
 - Level 2.0 Spellcasting
 - Level 3.2 Necromancy


You had 6 spell levels left.
You knew the following spells:

 Your Spells              Type           Power      Damage    Failure   Level
z - Pain                  Necr           40%        1d6       6%          1

Your spell library contained the following spells:

 Spells                   Type           Power      Damage    Failure   Level
 Animate Skeleton         Necr           20%        N/A       6%          1
 Vampiric Draining        Necr           5%         2d6       19%         3
 Animate Dead             Necr           5%         N/A       52%         4
 Agony                    Necr           10%        N/A       86%         5

Inventory:

Hand Weapons
 e - a +0 spear
 l - a +0 flail (weapon)
Missiles
 f - 7 boomerangs
Armour
 a - a +0 robe (worn)
 d - a +0 pair of gloves (worn)
 g - a +0 cloak (worn)
 q - a +0 helmet (worn)
Jewellery
 n - a +6 ring of dexterity (right hand)
 r - an amulet of faith (around neck)
Wands
 o - a wand of acid (8)
Scrolls
 b - 5 scrolls of teleportation {unknown}
 i - 2 scrolls of identify {unknown}
 k - a scroll of fear {unknown}
 m - a scroll of noise {unknown}
 p - a scroll of holy word {unknown}
Potions
 c - 2 potions of haste {@q3}
 h - 2 potions of curing {@q1}
 j - 3 potions of magic {unknown}
 s - a potion of lignification {unknown}

Dungeon Overview and Level Annotations

Branches:
Dungeon (7/15)
 Temple: D:4-7

Altars:
Kikubaaqudgha
Qazlal

Annotations:
D:3 exclusions: 2 orcs, 2 orc priests and scorpion
D:4 exclusion: scorpion
D:7 exclusion: killer bee

...▒ ▒.▒ ▒..▒ ▒.▒
▒...▒ ▒.▒ ▒.... +▒.▒+
▒..▒
.▒▒▒▒▒^..▒▒▒▒▒.▒▒
...▒
.......⌠........▒
..▒▒ ▒▒▒▒▒...▒▒▒▒▒...
..▒▒...▒ +▒.▒'...▒▒
..▒▒...▒ ▒.▒m..8.▒
..▒▒...▒ ▒.▒.Z_..▒
..▒▒...▒ ▒.▒.8.8.▒
▒.▒▒...▒▒ ▒▒.▒▒...▒▒
▒..▒....▒▒▒▒▒...▒▒▒▒▒
▒▒.▒.......▒▒▒.▒▒
▒.........▒ ▒.▒▒▒▒▒▒
▒▒........▒▒▒......▒
▒........▒▒...▒▒▒.▒


You could see a wyvern skeleton.


Message History

You open the door.
A wyvern skeleton comes into view.
Found a stormy altar of Qazlal.
A wyvern skeleton is nearby!
There is an open door here.
The wyvern skeleton bites you. The wyvern skeleton bites you.
You sock the wyvern skeleton!
The wyvern skeleton is moderately damaged.
The wyvern skeleton misses you. The wyvern skeleton bites you!
* * * LOW HITPOINT WARNING * * *
You hit the wyvern skeleton.
The wyvern skeleton is moderately damaged.
The wyvern skeleton misses you.
You hit the wyvern skeleton.
The wyvern skeleton is heavily damaged.
The wyvern skeleton bites you!
* * * LOW HITPOINT WARNING * * *
The wyvern skeleton bites you but does no damage.
You hit the wyvern skeleton.
The wyvern skeleton is heavily damaged.
The wyvern skeleton closely misses you. The wyvern skeleton bites you.
* * * LOW HITPOINT WARNING * * *
You hit the wyvern skeleton.
The wyvern skeleton is severely damaged.
The wyvern skeleton barely misses you. The wyvern skeleton bites you!
You die...

Action                   |  1- 3 |  4- 6 || total
-------------------------+-------+-------++-------
Melee: Spear             |    55 |       ||    55
       Flail             |       |    73 ||    73
 Cast: Pain              |    98 |    27 ||   125
  Use: Potion            |       |     3 ||     3
 Stab: Sleeping          |       |     3 ||     3
       Distracted        |       |     1 ||     1
Armor: Robe              |    21 |    19 ||    40
Dodge: Dodged            |    77 |    92 ||   169

Levels and vault maps discovered:
D:1:      dpeg_arrival_radiant, layout_loops_ring
D:2:      layout_rooms
D:3:      layout_basic, minmay_fractal_squares_diagonal_5
D:4:      layout_loops_cross, nicolae_kikubaaqudgha_miasma_corner,
          uniq_blork_the_orc, uniq_edmund
D:7:      layout_basic, grunt_temple_overflow_cloverleaf,
          hangedman_decor_growths

Notes
Turn   | Place    | Note
-------+----------+-------------------------------------------
     0 | D:1      | sanka the Merfolk Necromancer began the quest for the Orb.
     0 | D:1      | Reached XP level 1. HP: 13/13 MP: 3/3
   280 | D:1      | Reached skill level 3 in Dodging
   597 | D:1      | Reached XP level 2. HP: 11/19 MP: 0/5
   700 | D:1      | Reached skill level 4 in Dodging
  1487 | D:1      | Reached XP level 3. HP: 20/25 MP: 0/6
  2014 | D:2      | Reached skill level 1 in Fighting
  3012 | D:2      | Reached skill level 5 in Dodging
  3012 | D:2      | Reached XP level 4. HP: 28/33 MP: 2/7
  3185 | D:3      | Reached skill level 2 in Fighting
  3793 | D:3      | Noticed a scorpion
  4356 | D:4      | Found an ancient bone altar of Kikubaaqudgha.
  4392 | D:4      | Noticed a scorpion
  4751 | D:7      | Found a stormy altar of Qazlal.
  4757 | D:7      | HP: 3/34 [wyvern skeleton (2)]
  4758 | D:7      | Mangled by a wyvern skeleton

Vanquished Creatures
  An adder (D:2)
  An ufetubus (D:7)
  2 worms (D:3)
  A dart slug (D:2)
  10 orcs
  7 ball pythons
  5 endoplasms
  2 giant cockroaches
  3 goblins
  3 hobgoblins
  11 jackals
  6 quokkas
  6 bats
  8 frilled lizards
  3 kobolds
  6 rats
75 creatures vanquished.
